 Dungeon Crawl Stone Soup version 0.28.0 (webtiles) character file.

Game seed: 8830475075413063243

1 Prodoman the Vexing (level 1, -3/13 HPs)
             Began as a Demonspawn Enchanter on Feb 4, 2022.
             Slain by a quokka (5 damage)
             ... on level 1 of the Dungeon.
             The game lasted 00:00:51 (44 turns).

Prodoman the Vexing (Demonspawn Enchanter)            Turns: 44, Time: 00:00:53

Health: -3/13      AC:  2    Str:  8    XL:     1   Next: 16%
Magic:  3/3        EV: 12    Int: 22    God:
Gold:   0          SH:  0    Dex: 13    Spells: 4/4 levels left

rFire   . . .      SeeInvis +   a - +1 dagger
rCold   . . .      Faith    .   (no shield)
rNeg    . . .      Spirit   .   b - +0 robe
rPois   .          Reflect  .   (no helmet)
rElec   .          Harm     .   (no cloak)
rCorr   .          Rampage  .   (no gloves)
Will    .....                   (no boots)
Stlth   ++........              (no amulet)
HPRegen 0.04/turn               d - +6 ring of intelligence
MPRegen 0.08/turn               e - ring of see invisible

@: no status effects
A: no striking features
a: no special abilities


You were on level 1 of the Dungeon.
You visited 1 branch of the dungeon, and saw 1 of its levels.

Inventory:

Hand Weapons
 a - a +1 dagger (weapon)
Armour
 b - a +0 robe (worn)
Jewellery
 d - a +6 ring of intelligence (left hand)
 e - a ring of see invisible (right hand)
Scrolls
 f - a scroll of magic mapping {unknown}
 g - a scroll of enchant armour {unknown}
Potions
 c - a potion of invisibility


   Skills:
 + Level 0.9 Short Blades
 + Level 1.7 Dodging
 + Level 2.7 Stealth
 * Level 2.0 Spellcasting
 + Level 3.0 Hexes


You had 4 spell levels left.
You didn't know any spells.
Your spell library contained the following spells:

 Spells                   Type           Power      Damage    Failure   Level
 Ensorcelled Hibernation  Hex/Ice        16%        N/A       11%         2
 Confusing Touch          Hex            15%        N/A       12%         3
 Tukima's Dance           Hex            15%        N/A       12%         3
 Dazzling Flash           Conj/Hex       16%        N/A       22%         3


Dungeon Overview and Level Annotations

Branches:
Dungeon (1/15)

Altars:


Message History

e - a ring of see invisible (right hand)
A kobold comes into view. It is wielding a +0 short sword.
The kobold shouts!
You hear a shout!
The kobold throws a stone.
The stone barely misses you.
Okay, then.
A hobgoblin and a quokka come into view.
The quokka moves out of view.
The kobold hits you with a +0 short sword.
Hit: a) +1 dagger
Press: ? - help, Dir - move target, f - kobold
Aim: a kobold, wielding a +0 short sword and quivering stones (about 44% to evade your +1 dagger)
You hit the kobold but do no damage.
The kobold hits you with a +0 short sword.
Hit: a) +1 dagger
Press: ? - help, Dir - move target, f/p - kobold
Aim: a kobold, wielding a +0 short sword and quivering stones (about 44% to evade your +1 dagger)
You hit the kobold.
The kobold is severely wounded.
The kobold hits you with a +0 short sword.
Hit: a) +1 dagger
Press: ? - help, Dir - move target, f/p - kobold
Aim: a kobold, wielding a +0 short sword and quivering stones (severely wounded, about 44% to evade your +1 dagger)
You hit the kobold.
You kill the kobold!
The quokka bites you but does no damage.
Okay, then.
Hit: a) +1 dagger
Press: ? - help, Dir - move target, f - quokka
Aim: a quokka (about 47% to evade your +1 dagger)
You hit the quokka.
The quokka is heavily wounded.
The quokka barely misses you. The hobgoblin hits you.
* * * LOW HITPOINT WARNING * * *
Hit: a) +1 dagger
Press: ? - help, Dir - move target, f/p - quokka
Aim: a quokka (heavily wounded, about 47% to evade your +1 dagger)
You hit the quokka but do no damage.
The quokka is heavily wounded.
The quokka bites you.
You die...

##### ###...# ##...#.#
##..###.###
##..##.....##
##..#+.......+#
#r@##.........##
......g##...........##
.......#.............#
.......#.............#
.......#......<......#
.......#.............#
.......#.............#
.......##...........##
#+.........##


You could see a quokka and a hobgoblin.

Vanquished Creatures
  A kobold (D:1)
1 creature vanquished.

Notes
Turn   | Place    | Note
-------+----------+-------------------------------------------
     0 | D:1      | Prodoman the Demonspawn Enchanter began the quest for the
                  | Orb.
     0 | D:1      | Reached XP level 1. HP: 13/13 MP: 3/3
    44 | D:1      | Slain by a quokka

Illustrated notes

Levels and vault maps discovered:
D:1:      lemuel_arrival_rhombus, layout_loops_cross, minmay_misc_feat_chi

Action                   || total
-------------------------++-------
Melee: Dagger            ||     5
Armor: Robe              ||     1
Dodge: Dodged            ||     2
